[Event "Titled Tuesday Blitz June 22 2021"]
[White "Abdusattorov, Nodirbek"]
[Black "Levine, Joseph"]
[WhiteFideId "14204118"]
[BlackFideId "30940346"]
[WhiteElo "2662"]
[BlackElo "1785"]
[Result "1-0"]
[Round "01"]
[TimeControl "180+1"]
[Date "2021.06.22"]
[WhiteClock "0:02:15"]
[BlackClock "0:00:36"]

1. e4 e6 2. d4 d5 3. Bd3 dxe4 4. Bxe4 Nf6 5. Bf3 c5 6. Ne2 Nc6 7. Be3 cxd4 8. Nxd4 Ne5 9. Nc3 Bd7 10. O-O Nxf3+ 11. Qxf3 Bd6 12. Rad1 Qe7 13. Rfe1 h6 14. Nf5 exf5 15. Bf4 Be6 16. Bxd6 Qd7 17. Bf8 Kxf8 18. Rxd7 Nxd7 19. Qxb7 Rb8 20. Qxa7 g6 21. Rxe6 fxe6 22. Qxd7 Rxb2 23. Qd8+ Kg7 24. Qe7+ Kg8 25. Qxe6+ Kg7 26. Qe7+ Kg8 27. g4 Rxc2 28. Nd5 1-0


[Site "https://www.chess.com"]

[Event "Titled Tuesday Blitz June 22 2021"]
[White "Andreikin, Dmitry"]
[Black "Pliukha, Myhajlo"]
[WhiteFideId "4158814"]
[BlackFideId "14164698"]
[WhiteElo "2782"]
[BlackElo "2225"]
[Result "1-0"]
[Round "01"]
[TimeControl "180+1"]
[Date "2021.06.22"]
[WhiteClock "0:00:29"]
[BlackClock "0:00:29"]

1. e4 c6 2. Nf3 d5 3. d3 dxe4 4. dxe4 Qxd1+ 5. Kxd1 Bg4 6. Be2 Nd7 7. Nfd2 Bxe2+ 8. Kxe2 O-O-O 9. Nc4 e6 10. Rd1 Ngf6 11. f3 Bc5 12. Bf4 Nb6 13. Nbd2 Nxc4 14. Nxc4 Nd7 15. Bd6 Nb6 16. Bxc5 Nxc4 17. b3 b6 18. Bd4 Na3 19. Bxg7 Rxd1 20. Rxd1 Rg8 21. Bb2 Nxc2 22. g4 h5 23. h3 hxg4 24. fxg4 f5 25. exf5 exf5 26. gxf5 Rg2+ 27. Kf3 Rh2 28. Kg3 Re2 29. f6 Ne3 30. f7 Nxd1 31. f8=Q+ Kb7 32. Qf7+ Kb8 33. Be5+ Ka8 34. Qc7 Re3+ 35. Kf4 Rxe5 36. Qc8# 1-0


[Site "https://www.chess.com"]

[Event "Titled Tuesday Blitz June 22 2021"]
[White "Benkovic, Petar"]
[Black "Kovalev, Vladislav"]
[WhiteFideId "922641"]
[BlackFideId "13504398"]
[WhiteElo "2416"]
[BlackElo "2573"]
[Result "0-1"]
[Round "01"]
[TimeControl "180+1"]
[Date "2021.06.22"]
[WhiteClock "0:00:04"]
[BlackClock "0:00:58"]

1. Nf3 Nf6 2. c4 g6 3. Nc3 Bg7 4. e4 d6 5. d4 O-O 6. Be2 e5 7. O-O c6 8. Re1 Na6 9. Bf1 Bg4 10. d5 Nb4 11. Be2 c5 12. a3 Na6 13. h3 Bd7 14. Bg5 h6 15. Be3 Nh5 16. Bf1 Nf4 17. Kh2 f5 18. g3 Nh5 19. exf5 gxf5 20. Nxe5 Nxg3 21. fxg3 Bxe5 22. Qh5 Rf6 23. Bxh6 Be8 24. Qh4 Rg6 25. Qxd8 Bxg3+ 26. Kh1 Rxd8 27. Re6 Bf7 28. Rxg6+ Bxg6 29. Bd3 Kh7 30. Bg5 Rg8 31. Rg1 f4 32. Bxg6+ Rxg6 33. h4 Nc7 34. Ne4 b5 35. b3 bxc4 36. bxc4 Na8 37. Nxg3 fxg3 38. Rxg3 Nb6 39. Rg4 Rg8 40. Re4 Kg6 41. Be7 Kf5 42. Re1 Nxc4 43. a4 Re8 44. Rf1+ Ke4 45. Bf6 Kxd5 46. h5 Ne3 47. Rf3 Ke4 48. Rxe3+ Kxe3 49. h6 c4 50. h7 Kd2 51. h8=Q Rxh8+ 52. Bxh8 c3 0-1


[Site "https://www.chess.com"]

[Event "Titled Tuesday Blitz June 22 2021"]
[White "Carlstedt, Jonathan"]
[Black "Dubov, Daniil"]
[WhiteFideId "24614386"]
[BlackFideId "24126055"]
[WhiteElo "2423"]
[BlackElo "2722"]
[Result "0-1"]
[Round "01"]
[TimeControl "180+1"]
[Date "2021.06.22"]
[WhiteClock "0:00:01"]
[BlackClock "0:00:53"]

1. d4 Nf6 2. Bf4 d5 3. e3 c5 4. c3 Nc6 5. Nd2 cxd4 6. exd4 Bf5 7. Qb3 Qc8 8. Ngf3 e6 9. Be2 Be7 10. O-O O-O 11. Ne5 Nxe5 12. Bxe5 Nd7 13. Bg3 Nb8 14. Nf3 Nc6 15. Rfe1 Qd7 16. Bb5 Qc8 17. Rac1 a6 18. Bf1 b5 19. Ne5 Na5 20. Qd1 Nc4 21. Qe2 Qb7 22. b3 Nd6 23. Qb2 Rac8 24. Bd3 Bg5 25. f4 Be7 26. Bxf5 exf5 27. Nd3 Ne4 28. b4 Bd6 29. Nc5 Qc6 30. Rcd1 Rfe8 31. Qb3 Re7 32. Bh4 Ree8 33. Bg3 h5 34. Rf1 Rc7 35. Bh4 Be7 36. Bxe7 Rcxe7 37. Rd3 Qg6 38. Qd1 h4 39. Qf3 Nf6 40. h3 Re2 41. Rf2 Re1+ 42. Rf1 Nh5 43. Rxe1 Rxe1+ 44. Kf2 Ra1 45. Rd2 Ng3 46. Nd3 Ne4+ 47. Ke2 Rg1 48. Ne1 Qe6 49. Qe3 Nxc3+ 0-1


[Site "https://www.chess.com"]

[Event "Titled Tuesday Blitz June 22 2021"]
[White "Howell, David W L"]
[Black "Suarez Uriel, Adrian"]
[WhiteFideId "410608"]
[BlackFideId "22230874"]
[WhiteElo "2643"]
[BlackElo "2299"]
[Result "1-0"]
[Round "01"]
[TimeControl "180+1"]
[Date "2021.06.22"]
[WhiteClock "0:00:05"]
[BlackClock "0:00:03"]

1. e4 c5 2. Nf3 Nc6 3. d4 cxd4 4. Nxd4 Nf6 5. Nc3 e5 6. Ndb5 d6 7. Bg5 a6 8. Bxf6 gxf6 9. Na3 b5 10. Nd5 f5 11. c3 Be6 12. exf5 Bxf5 13. Nc2 Bg7 14. Be2 O-O 15. O-O Be6 16. a3 f5 17. f4 Kh8 18. Kh1 Ne7 19. Nce3 Nxd5 20. Nxd5 Rc8 21. Qd2 Rc5 22. Ne3 exf4 23. Rxf4 Be5 24. Raf1 Qg5 25. g3 Bxf4 26. Rxf4 Qe7 27. Kg2 Re5 28. Kf2 Re8 29. Bf3 Bc4 30. Nxc4 bxc4 31. Rxc4 Qa7+ 32. Rd4 Qb6 33. Kg2 Qb5 34. c4 Qb3 35. Rxd6 Qxc4 36. Rd3 R8e7 37. Rd8+ Re8 38. Rd3 f4 39. b3 Qg8 40. Qxf4 Qg7 41. Qd2 Rf8 42. b4 Ref5 43. a4 Qf6 44. Qe2 Re5 45. Qd1 Qe7 46. Qd2 Ref5 47. Qc3+ R8f6 48. Re3 Qf8 49. Qb3 Kg7 50. b5 axb5 51. axb5 Qc5 52. g4 Rf4 53. h3 Qb6 54. Qd3 Qd4 55. Re7+ Kf8 56. Qxd4 Rxd4 57. Re3 Rb4 58. Bc6 Kf7 59. Kg3 Kg7 60. Kh4 h6 61. Kg3 Kg6 62. Kh4 Kg7 63. Re7+ Kf8 64. Rb7 Rff4 65. Kh5 Rfd4 66. Kxh6 Rd3 67. Kg6 Rxh3 68. g5 Rg3 69. Rf7+ Kg8 70. Rf5 Rc4 71. Bd5+ Kh8 72. Rf8# 1-0


[Site "https://www.chess.com"]

[Event "Titled Tuesday Blitz June 22 2021"]
[White "Jobava, Baadur"]
[Black "Mikhalsky, Vladimir"]
[WhiteFideId "13601520"]
[BlackFideId "14144352"]
[WhiteElo "2748"]
[BlackElo "2280"]
[Result "1-0"]
[Round "01"]
[TimeControl "180+1"]
[Date "2021.06.22"]
[WhiteClock "0:02:00"]
[BlackClock "0:01:56"]

1. d4 g6 2. Nc3 Bg7 3. e4 d6 4. Be2 a6 5. a4 b6 6. h4 h6 7. h5 g5 8. f4 gxf4 9. Bxf4 Nd7 10. Nf3 Bb7 11. O-O Ngf6 12. e5 Nxh5 13. Bh2 dxe5 14. dxe5 Nc5 15. Nd4 Rg8 16. Bxh5 Bxg2 17. Bxf7+ Kd7 18. Qg4+ e6 19. Bxe6+ Ke7 20. Qh4+ Ke8 21. Qh5+ 1-0


[Site "https://www.chess.com"]

[Event "Titled Tuesday Blitz June 22 2021"]
[White "Jones, Gawain C B"]
[Black "Muthaiah AL"]
[WhiteFideId "409561"]
[BlackFideId "5092442"]
[WhiteElo "2657"]
[BlackElo "2184"]
[Result "1-0"]
[Round "01"]
[TimeControl "180+1"]
[Date "2021.06.22"]
[WhiteClock "0:01:47"]
[BlackClock "0:00:04"]

1. Nf3 Nf6 2. g3 b5 3. Na3 a6 4. c4 e6 5. cxb5 Bxa3 6. bxa3 axb5 7. Rb1 c6 8. Bg2 O-O 9. O-O d5 10. d4 Nbd7 11. Bd2 Nb6 12. Bb4 Re8 13. Ne5 Bb7 14. Nd3 Nfd7 15. Re1 Nc4 16. Qc1 Qb6 17. e3 Qa7 18. Rb3 h6 19. f4 Ndb6 20. Bc5 Qa5 21. Re2 Nd7 22. Bb4 Qd8 23. Bf3 Bc8 24. Rg2 Nf6 25. Nc5 Nd7 26. Nd3 Nf6 27. g4 Ne4 28. Bxe4 dxe4 29. Nc5 Qd5 30. g5 h5 31. Qc2 Nxe3 32. Rxe3 Qxd4 33. Qxe4 Qd1+ 34. Re1 1-0


[Site "https://www.chess.com"]

[Event "Titled Tuesday Blitz June 22 2021"]
[White "Kamsky, Gata"]
[Black "Kalajzic, Ivan"]
[WhiteFideId "2000024"]
[BlackFideId "14506378"]
[WhiteElo "2644"]
[BlackElo "2163"]
[Result "1-0"]
[Round "01"]
[TimeControl "180+1"]
[Date "2021.06.22"]
[WhiteClock "0:01:36"]
[BlackClock "0:00:25"]

1. d4 d5 2. Nf3 Nc6 3. Bf4 Bg4 4. Nbd2 e6 5. h3 Bh5 6. e3 Bd6 7. c3 Nge7 8. Bd3 Bg6 9. Bxg6 Nxg6 10. Bxd6 Qxd6 11. e4 dxe4 12. Nxe4 Qe7 13. O-O O-O 14. Re1 b6 15. Qa4 Na5 16. Rad1 Nb7 17. g3 c5 18. d5 e5 19. d6 Qd8 20. h4 Re8 21. h5 Nf8 22. h6 Nd7 23. hxg7 Kxg7 24. Nh4 Kh8 25. Qc6 Na5 26. Qd5 Re6 27. b4 cxb4 28. cxb4 1-0


[Site "https://www.chess.com"]

[Event "Titled Tuesday Blitz June 22 2021"]
[White "Karimov, Alisher"]
[Black "Nakamura, Hikaru"]
[WhiteFideId "14700280"]
[BlackFideId "2016192"]
[WhiteElo "2186"]
[BlackElo "2900"]
[Result "0-1"]
[Round "01"]
[TimeControl "180+1"]
[Date "2021.06.22"]
[WhiteClock "0:00:54"]
[BlackClock "0:02:22"]

1. d4 g6 2. Nf3 Bg7 3. g3 d6 4. Bg2 Bd7 5. O-O Qc8 6. Re1 Nc6 7. e4 Bh3 8. Bh1 h5 9. e5 Bg4 10. exd6 cxd6 11. c3 h4 12. Bg5 hxg3 13. hxg3 Qf5 14. Nbd2 f6 15. Bf4 e5 16. dxe5 dxe5 17. Ne4 Rd8 18. Nd4 Rxh1+ 19. Kg2 Rh2+ 0-1


[Site "https://www.chess.com"]

[Event "Titled Tuesday Blitz June 22 2021"]
[White "Kollars, Dmitrij"]
[Black "Lamaze, Simon"]
[WhiteFideId "12909572"]
[BlackFideId "36069264"]
[WhiteElo "2576"]
[BlackElo "1938"]
[Result "1-0"]
[Round "01"]
[TimeControl "180+1"]
[Date "2021.06.22"]
[WhiteClock "0:00:39"]
[BlackClock "0:00:13"]

1. Nf3 Nf6 2. c4 e6 3. Nc3 d6 4. d4 Nbd7 5. e4 e5 6. Be2 g6 7. O-O Bg7 8. Re1 O-O 9. h3 c6 10. Be3 Qc7 11. Rc1 Re8 12. d5 a6 13. b4 c5 14. a3 b6 15. Nd2 Bb7 16. Qb3 Reb8 17. Rb1 Ne8 18. Qc2 Bc8 19. Rb2 h6 20. Reb1 Kh7 21. a4 cxb4 22. Rxb4 Nc5 23. Qb2 f5 24. Rxb6 Rxb6 25. Qxb6 Qxb6 26. Rxb6 Nd7 27. Rb1 f4 28. Bb6 Rb8 29. a5 Bf6 30. Bg4 Be7 31. Na4 h5 32. Be2 Nef6 33. Bd3 Nxb6 34. Nxb6 Bd7 35. c5 dxc5 36. Bxa6 Bd8 37. Bd3 Be8 38. Ndc4 Bc7 39. d6 Bd8 40. Nxe5 g5 41. Nec4 Kg7 42. e5 Nd7 43. e6 Nxb6 44. axb6 Bf6 45. d7 Bg6 46. Bxg6 Kxg6 47. Na5 Kf5 48. Nc6 Rh8 49. e7 Ke6 1-0


[Site "https://www.chess.com"]

[Event "Titled Tuesday Blitz June 22 2021"]
[White "Le, Tuan Minh"]
[Black "Urquhart, Ed"]
[WhiteFideId "12401153"]
[BlackFideId "2603748"]
[WhiteElo "2450"]
[BlackElo "2184"]
[Result "1-0"]
[Round "01"]
[TimeControl "180+1"]
[Date "2021.06.22"]
[WhiteClock "0:00:04"]
[BlackClock "0:00:07"]

1. d4 Nf6 2. Nf3 e6 3. Bf4 c5 4. c3 Be7 5. e3 b6 6. Bd3 Bb7 7. Nbd2 d5 8. Ne5 O-O 9. Qf3 Nbd7 10. O-O g6 11. Rad1 Rc8 12. Rfe1 Nxe5 13. Bxe5 Nd7 14. Bf4 Bf6 15. Qh3 Bg7 16. Nf3 Nf6 17. Ne5 Nh5 18. Bg3 Nxg3 19. hxg3 Bxe5 20. dxe5 Kg7 21. f4 h6 22. g4 d4 23. f5 Qg5 24. exd4 cxd4 25. cxd4 Rfd8 26. f6+ Kh7 27. Be4 Bxe4 28. Rxe4 Rc2 29. Qa3 Qh4 30. Rf1 Rc7 31. Re3 Qxg4 32. Rd3 h5 33. Kh2 Rcd7 34. Rfd1 Qh4+ 35. Rh3 Qf4+ 36. Kg1 Qf5 37. Rf1 Qg5 38. Qf3 Rxd4 39. Qb7 R4d7 40. Qe4 Rd4 41. Qb7 R4d7 42. Qe4 Rd4 43. Qe1 R4d5 44. Qe4 Rxe5 45. Qb7 Kg8 46. Qe7 Rf8 47. Rd3 Re3 48. Qxf8+ 1-0


[Site "https://www.chess.com"]

[Event "Titled Tuesday Blitz June 22 2021"]
[White "Loh, Zachary"]
[Black "Hansen, Eric"]
[WhiteFideId "3210383"]
[BlackFideId "2606771"]
[WhiteElo "2118"]
[BlackElo "2568"]
[Result "0-1"]
[Round "01"]
[TimeControl "180+1"]
[Date "2021.06.22"]
[WhiteClock "0:00:49"]
[BlackClock "0:01:35"]

1. e4 d6 2. d4 Nf6 3. Nc3 e5 4. Nf3 Nbd7 5. g4 c6 6. g5 Nh5 7. Be3 Qa5 8. Nxe5 dxe5 9. Qxh5 Bb4 10. Bd3 Bxc3+ 11. bxc3 Qxc3+ 12. Ke2 exd4 13. Bd2 Qc5 14. f4 a5 15. e5 b6 16. g6 fxg6 17. Bxg6+ hxg6 18. Qxh8+ Nf8 19. Qxg7 Qxc2 20. Rad1 Bg4+ 0-1


[Site "https://www.chess.com"]

[Event "Titled Tuesday Blitz June 22 2021"]
[White "Mamedyarov, Shakhriyar"]
[Black "Saravana, Krishnan P."]
[WhiteFideId "13401319"]
[BlackFideId "5018382"]
[WhiteElo "2716"]
[BlackElo "2245"]
[Result "1-0"]
[Round "01"]
[TimeControl "180+1"]
[Date "2021.06.22"]
[WhiteClock "0:01:07"]
[BlackClock "0:01:12"]

1. e4 c6 2. d3 d5 3. Nd2 e5 4. g3 Nf6 5. Bg2 Bd6 6. Ngf3 O-O 7. O-O Nbd7 8. c3 a5 9. Re1 Re8 10. a4 b6 11. Qc2 Ba6 12. Nb3 Qc7 13. Nh4 Rad8 14. Nf5 Bf8 15. Bg5 h6 16. Bd2 dxe4 17. dxe4 Nc5 18. Nxc5 Bxc5 19. Bf1 Bc8 20. Be3 Bxf5 21. exf5 Bxe3 22. Rxe3 Qe7 23. Rae1 Qc5 24. Bg2 Rd6 25. h3 Red8 26. Rxe5 Rd2 27. Qxd2 Rxd2 28. Rxc5 bxc5 29. Bxc6 Rxb2 30. Re5 Rb6 31. Rxc5 Kf8 32. Kg2 Ke7 33. Bf3 Rb3 34. Rxa5 Rxc3 35. Ra7+ Kf8 36. a5 Ne8 37. a6 Nc7 38. Rxc7 Rxc7 39. Bb7 1-0


[Site "https://www.chess.com"]

[Event "Titled Tuesday Blitz June 22 2021"]
[White "Manukyan, Sargis A."]
[Black "Bluebaum, Matthias"]
[WhiteFideId "13303970"]
[BlackFideId "24651516"]
[WhiteElo "2187"]
[BlackElo "2685"]
[Result "0-1"]
[Round "01"]
[TimeControl "180+1"]
[Date "2021.06.22"]
[WhiteClock "0:00:07"]
[BlackClock "0:00:36"]

1. d4 Nf6 2. e3 d5 3. Nf3 Bf5 4. Be2 e6 5. O-O h6 6. b3 Nbd7 7. Bb2 Bd6 8. Ne5 O-O 9. Nd2 Qe7 10. f4 Ba3 11. Qc1 Bxb2 12. Qxb2 a5 13. a3 Rfc8 14. c4 c5 15. Rac1 Rc7 16. cxd5 exd5 17. dxc5 Nxc5 18. b4 axb4 19. axb4 Nce4 20. Nxe4 Nxe4 21. Qd4 Ra2 22. Bf3 Rd2 23. Qb6 Nc3 24. h3 f6 25. Ng4 h5 26. Nf2 h4 27. e4 dxe4 28. Nxe4 Bxe4 29. Rfe1 f5 30. Qe3 Bxf3 31. Qxe7 Rxe7 32. Rxe7 Ne2+ 33. Kf2 Nxc1+ 34. Kxf3 Rd3+ 35. Kf2 Rb3 36. Rxb7 Rxb4 37. Rxb4 Nd3+ 38. Ke3 Nxb4 39. Kd4 Kf7 40. Ke5 Kg6 41. Kd4 Nc2+ 42. Kd3 Ne1+ 43. Ke2 Nxg2 44. Kf3 Nxf4 45. Kxf4 Kf6 0-1


[Site "https://www.chess.com"]

[Event "Titled Tuesday Blitz June 22 2021"]
[White "Manukyan, Sargis A."]
[Black "Maghsoodloo, Parham"]
[WhiteFideId "13303970"]
[BlackFideId "12539929"]
[WhiteElo "2187"]
[BlackElo "2601"]
[Result "1-0"]
[Round "01"]
[TimeControl "180+1"]
[Date "2021.06.22"]
[WhiteClock "0:00:56"]
[BlackClock "0:01:39"]

1. Nf3 d5 2. c4 e6 3. b3 Nf6 4. Bb2 Nbd7 5. g3 b6 6. Bg2 Bb7 7. O-O g6 8. d3 Bg7 9. Nbd2 O-O 10. Rc1 c5 11. cxd5 exd5 12. d4 Ne4 13. Rc2 Qe7 14. Qa1 Rfd8 15. dxc5 Bxb2 16. Qxb2 bxc5 17. Rd1 d4 18. Nc4 Nc3 19. Rxc3 dxc3 20. Qxc3 Nb6 21. Re1 Rac8 22. h4 h5 23. Na5 Be4 24. Bh3 Rc7 25. Ng5 Ba8 26. e4 c4 27. Nxc4 Nxc4 28. bxc4 Qc5 29. Bf1 Qd4 30. Qa5 Qd2 31. Qxc7 Rf8 32. Re3 1-0


[Site "https://www.chess.com"]

[Event "Titled Tuesday Blitz June 22 2021"]
[White "Martins, Vinicius Tine"]
[Black "Terry, Renato"]
[WhiteFideId "2112884"]
[BlackFideId "3803457"]
[WhiteElo "2373"]
[BlackElo "2581"]
[Result "0-1"]
[Round "01"]
[TimeControl "180+1"]
[Date "2021.06.22"]
[WhiteClock "0:00:08"]
[BlackClock "0:00:39"]

1. d4 e6 2. c4 Bb4+ 3. Nc3 c5 4. a3 Bxc3+ 5. bxc3 Qa5 6. Bd2 Nf6 7. e3 d6 8. Bd3 Nc6 9. Nf3 e5 10. dxe5 dxe5 11. Qc2 h6 12. O-O O-O 13. Nh4 Re8 14. Bf5 e4 15. Bxc8 Raxc8 16. Nf5 Qc7 17. f4 Rcd8 18. Be1 Qd7 19. Ng3 Na5 20. f5 Nxc4 21. Bf2 Qd3 22. Qa4 Nxe3 23. Rfe1 Neg4 24. Bxc5 Qxc3 25. Rac1 Qe5 26. Qxa7 Nxh2 27. Kxh2 Rd3 28. Bf2 Ng4+ 29. Kh3 Qxf5 30. Be3 Qd7 31. Kh4 g5+ 32. Kh5 Qe6 0-1


[Site "https://www.chess.com"]

[Event "Titled Tuesday Blitz June 22 2021"]
[White "Miszler, Levente"]
[Black "Lazavik, Denis"]
[WhiteFideId "763276"]
[BlackFideId "13515110"]
[WhiteElo "1967"]
[BlackElo "2436"]
[Result "0-1"]
[Round "01"]
[TimeControl "180+1"]
[Date "2021.06.22"]
[WhiteClock "0:00:16"]
[BlackClock "0:01:05"]

1. d4 Nf6 2. Nf3 d5 3. Bf4 e6 4. e3 Bd6 5. Bd3 O-O 6. Nbd2 c5 7. c3 Bxf4 8. exf4 b6 9. O-O Ba6 10. Qe2 Bxd3 11. Qxd3 Nc6 12. Ne5 Ne7 13. Rfe1 Nf5 14. Ndf3 Qc7 15. Re2 Ne4 16. Rae1 f6 17. Ng4 Qxf4 18. Ne3 Nxe3 19. Rxe3 Rac8 20. g3 Qg4 21. Nd2 Ng5 22. Kg2 cxd4 23. cxd4 Qh3+ 24. Kg1 f5 25. f4 Ne4 26. Nf3 Qh5 27. Ne5 Rc7 28. R3e2 Rfc8 29. Qa3 h6 30. Qd6 Nxd6 0-1


[Site "https://www.chess.com"]

[Event "Titled Tuesday Blitz June 22 2021"]
[White "Nguyen, Ngoc Truong Son"]
[Black "Rodchenkov, Sergey D."]
[WhiteFideId "12401110"]
[BlackFideId "4168712"]
[WhiteElo "2596"]
[BlackElo "2306"]
[Result "1-0"]
[Round "01"]
[TimeControl "180+1"]
[Date "2021.06.22"]
[WhiteClock "0:00:11"]
[BlackClock "0:00:05"]

1. e4 c5 2. Nf3 d6 3. d4 cxd4 4. Nxd4 Nf6 5. Nc3 a6 6. Bg5 e6 7. f4 Qb6 8. Qd2 Qxb2 9. Rb1 Qa3 10. f5 Nc6 11. fxe6 fxe6 12. Bc4 Qc5 13. Nxe6 Qxc4 14. Nc7+ Kf7 15. Bxf6 gxf6 16. Nxa8 Qc5 17. Nb6 Be6 18. Nbd5 b5 19. Rf1 Bg7 20. e5 Nxe5 21. Nxf6 Bxf6 22. Rxf6+ Ke7 23. Ne4 Qb6 24. Qg5 Kd7 25. Qg7+ Kc6 26. Qg3 Re8 27. Rd1 Nc4 28. Nxd6 Re7 29. Nxc4 Qc5 30. Qd6+ Qxd6 31. Rxd6+ Kc5 32. Rfxe6 Rf7 33. Rc6+ Kb4 34. Ne5 Rf5 35. Nd3+ Ka3 36. Rxa6# 1-0


[Site "https://www.chess.com"]

[Event "Titled Tuesday Blitz June 22 2021"]
[White "Nilsson, Joakim"]
[Black "Willow, Jonah B"]
[WhiteFideId "1723383"]
[BlackFideId "438804"]
[WhiteElo "2180"]
[BlackElo "2261"]
[Result "1/2-1/2"]
[Round "01"]
[TimeControl "180+1"]
[Date "2021.06.22"]
[WhiteClock "0:01:25"]
[BlackClock "0:01:27"]

1. d4 Nf6 2. Nc3 e6 3. Nf3 c5 4. d5 exd5 5. Nxd5 Nxd5 6. Qxd5 d6 7. Bg5 Be7 8. Bxe7 Qxe7 9. O-O-O Be6 10. Qxd6 Qxd6 11. Rxd6 Ke7 12. Rd1 Nc6 13. a3 b5 14. e3 b4 15. Bb5 Rhc8 16. a4 c4 17. Bxc6 Rxc6 18. Nd4 Ra6 19. b3 Rc8 20. Kb2 Kf6 21. h3 Bd5 22. f3 Ra5 23. Nb5 Be6 24. Nd6 Rc6 25. Nb5 a6 26. Nd4 Rc8 27. Nxe6 Kxe6 28. Rd4 Rac5 29. Rxc4 Rxc4 30. bxc4 Rxc4 31. Rd1 Rc3 32. Rd3 Rc5 33. Rd4 a5 34. Re4+ Kd7 35. Rd4+ Ke6 36. Re4+ Kd7 37. Rd4+ Ke6 1/2-1/2


[Site "https://www.chess.com"]

[Event "Titled Tuesday Blitz June 22 2021"]
[White "Perez Ponsa, Federico"]
[Black "Rodriguez, Santiago"]
[WhiteFideId "117927"]
[BlackFideId "3000591"]
[WhiteElo "2672"]
[BlackElo "2256"]
[Result "1-0"]
[Round "01"]
[TimeControl "180+1"]
[Date "2021.06.22"]
[WhiteClock "0:01:49"]
[BlackClock "0:01:26"]

1. e4 c5 2. Nf3 Nc6 3. d4 cxd4 4. Nxd4 e5 5. Nb5 d6 6. c4 Be7 7. N5c3 f5 8. exf5 Bxf5 9. Bd3 Be6 10. Nd5 Nf6 11. Nbc3 O-O 12. O-O Rc8 13. Be3 Nd4 14. Re1 Nxd5 15. Nxd5 Bxd5 16. cxd5 Bg5 17. Qh5 h6 18. Bxd4 exd4 19. Qg6 Qf6 20. Qh7+ Kf7 21. Re6 1-0


[Site "https://www.chess.com"]

[Event "Titled Tuesday Blitz June 22 2021"]
[White "Quparadze, Giga"]
[Black "Tronenkovs, Valdis"]
[WhiteFideId "13602250"]
[BlackFideId "11601558"]
[WhiteElo "2658"]
[BlackElo "2232"]
[Result "1-0"]
[Round "01"]
[TimeControl "180+1"]
[Date "2021.06.22"]
[WhiteClock "0:02:24"]
[BlackClock "0:00:01"]

1. e4 c5 2. Ne2 Nc6 3. Nbc3 g6 4. d4 cxd4 5. Nxd4 Bg7 6. Nb3 Nf6 7. Be2 O-O 8. O-O d6 9. Re1 Be6 10. Bg5 h6 11. Bh4 g5 12. Bg3 d5 13. Nc5 d4 14. Nxe6 fxe6 15. Nb5 Nxe4 16. Bc4 Nxg3 17. hxg3 Kh8 18. Rxe6 Na5 19. Bd3 Rc8 20. Qh5 Rf6 21. Rxf6 exf6 22. Qg6 Qg8 23. Nd6 Rf8 24. Re1 Nc6 25. Nf5 Ne5 26. Qh5 Nxd3 27. cxd3 Rd8 28. Re7 1-0


[Site "https://www.chess.com"]

[Event "Titled Tuesday Blitz June 22 2021"]
[White "Ronka, Erik"]
[Black "Zubov, Alexander"]
[WhiteFideId "505080"]
[BlackFideId "14109409"]
[WhiteElo "2264"]
[BlackElo "2740"]
[Result "0-1"]
[Round "01"]
[TimeControl "180+1"]
[Date "2021.06.22"]
[WhiteClock "0:00:04"]
[BlackClock "0:00:08"]

1. e4 c5 2. Nf3 e6 3. g3 Nf6 4. Qe2 Nc6 5. Bg2 d6 6. O-O Be7 7. c3 e5 8. Rd1 Bg4 9. h3 Bh5 10. g4 Bg6 11. d4 Nd7 12. d5 Ncb8 13. Nbd2 h5 14. g5 h4 15. Nf1 Bh5 16. Qe3 Nf8 17. N1h2 Ng6 18. Ng4 Bxg4 19. hxg4 Nf4 20. Bf1 a6 21. b4 Nd7 22. bxc5 Nxc5 23. Ba3 Rc8 24. Rab1 Qd7 25. Nh2 Bxg5 26. Qf3 O-O 27. Rb4 Rc7 28. Rdb1 Rfc8 29. c4 Be7 30. R4b2 Na4 31. Rb4 b5 32. cxb5 Rc3 33. Qd1 Rxa3 34. Rxa4 Rxa4 35. Qxa4 axb5 36. Qxb5 Qd8 37. Nf3 Rc3 38. Nh2 Kh7 39. Qb8 Ra3 40. Qxd8 Bxd8 41. Rb2 Ba5 42. f3 Bc3 43. Rc2 Bd4+ 44. Kh1 Kg6 45. Bb5 h3 46. Bc4 Re3 47. Rc1 Kg5 48. Bf1 Kh4 49. Bc4 Ng2 50. Bf1 Ne1 51. Bc4 Nxf3 52. Nxf3+ Rxf3 53. Be2 Re3 54. Bf1 Rxe4 55. Rd1 Bc5 56. Rd3 Re1 57. Rxh3+ Kxg4 58. Kg2 Rxf1 59. Rg3+ Kf4 60. Rxg7 Rg1+ 61. Kh3 Rxg7 62. a4 e4 63. a5 e3 64. a6 e2 65. a7 e1=Q 66. a8=Q Qh1# 0-1


[Site "https://www.chess.com"]

[Event "Titled Tuesday Blitz June 22 2021"]
[White "Rottenwohrer Suarez, Juan"]
[Black "Tari, Aryan"]
[WhiteFideId "32068182"]
[BlackFideId "1510045"]
[WhiteElo "2188"]
[BlackElo "2656"]
[Result "0-1"]
[Round "01"]
[TimeControl "180+1"]
[Date "2021.06.22"]
[WhiteClock "0:00:02"]
[BlackClock "0:01:51"]

1. d4 g6 2. Nf3 Bg7 3. g3 c5 4. Bg2 cxd4 5. Nxd4 Qb6 6. Nb3 Nc6 7. O-O d6 8. Nc3 Nf6 9. Be3 Qc7 10. Bg5 Be6 11. e4 O-O 12. Re1 Ne5 13. Nd4 Nc4 14. Nxe6 fxe6 15. Bh3 Nxb2 16. Bxe6+ Kh8 17. Qd2 Nc4 18. Qe2 Ne5 19. Nb5 Qc6 20. f4 Qc5+ 21. Kh1 Nc6 22. Rab1 h6 23. Bxf6 Rxf6 24. Bd5 a6 25. Nc7 Nd4 26. Qf2 Qxc7 27. Qxd4 Rxf4 28. Qd2 Rff8 29. Rxb7 Qc5 30. Qe2 Rf2 31. Qg4 Qxc2 32. Qh3 Qd3 0-1


[Site "https://www.chess.com"]

[Event "Titled Tuesday Blitz June 22 2021"]
[White "Saksham, Rautela"]
[Black "Martinez Alcantara, Jose Eduardo"]
[WhiteFideId "35046977"]
[BlackFideId "3805662"]
[WhiteElo "1990"]
[BlackElo "2690"]
[Result "0-1"]
[Round "01"]
[TimeControl "180+1"]
[Date "2021.06.22"]
[WhiteClock "0:00:43"]
[BlackClock "0:02:08"]

1. Nf3 c5 2. g3 Nc6 3. Bg2 g6 4. O-O Bg7 5. c4 e5 6. Nc3 d6 7. d3 Nge7 8. a3 a5 9. Ne1 Be6 10. Nc2 d5 11. cxd5 Nxd5 12. Rb1 O-O 13. Ne3 Nde7 14. Ne4 b6 15. Bd2 a4 16. Bc3 Nd4 17. Ng5 Bb3 18. Qd2 Ra7 19. Rbc1 h6 20. Nf3 Be6 21. Bxd4 exd4 22. Nc4 Nc6 23. Rfe1 b5 0-1


[Site "https://www.chess.com"]

[Event "Titled Tuesday Blitz June 22 2021"]
[White "Sarana, Alexey"]
[Black "Slovak_fighter2000"]
[WhiteFideId "24133795"]
[WhiteElo "2629"]
[BlackElo "2490"]
[Result "1-0"]
[Round "01"]
[TimeControl "180+1"]
[Date "2021.06.22"]
[WhiteClock "0:00:35"]
[BlackClock "0:00:08"]

1. e4 e6 2. d4 d5 3. Nc3 Nf6 4. e5 Nfd7 5. f4 c5 6. Nf3 Nc6 7. Be3 Be7 8. Qd2 O-O 9. Ne2 b5 10. c3 Qb6 11. Ng3 b4 12. Bd3 bxc3 13. bxc3 cxd4 14. Nxd4 Nxd4 15. Bxd4 Bc5 16. Ne2 Ba6 17. O-O Bxd3 18. Qxd3 Rab8 19. f5 Nxe5 20. Qg3 Bxd4+ 21. Nxd4 Nc6 22. f6 g6 23. Qf4 Nxd4 24. cxd4 Kh8 25. Rad1 Rg8 26. Qg5 Qd6 27. Rd3 Rge8 28. Rh3 Qf8 29. Rh6 e5 30. dxe5 Rb2 31. Qh4 Qg8 32. Qd4 Re2 33. Qxa7 R2xe5 34. Qd4 Re2 35. Qxd5 Qf8 36. Rh4 R2e6 37. h3 Rd8 38. Qg5 Re2 39. a4 Rdd2 40. Rg4 Qa8 41. Rc1 Rc2 42. Rxc2 Rxc2 43. Qh6 Qa7+ 44. Kh1 Rc1+ 45. Qxc1 1-0


[Site "https://www.chess.com"]